 Dungeon Crawl Stone Soup version 0.22.1-1-ga44c0e56f4 (webtiles) character file.

402 Gargoyl the Chopper (level 6, -6/52 HPs)
             Began as a Centaur Abyssal Knight on Oct 23, 2018.
             Was a Priest of Lugonu.
             Mangled by a gnoll
             ... wielding a +0 flail
              (13 damage)
             ... on level 4 of the Dungeon.
             The game lasted 00:05:34 (3776 turns).

Gargoyl the Chopper (Centaur Abyssal Knight)        Turns: 3776, Time: 00:05:34

Health: -6/52      AC:  9    Str: 14    XL:     6   Next: 55%
Magic:  7/8        EV:  8    Int: 11    God:    Lugonu [***...]
Gold:   258        SH:  0    Dex: 11    Spells: 5/5 levels left

rFire    + . .     SeeInvis .   a - +2 hand axe (freeze)
rCold    + + .     Gourm    .   (no shield)
rNeg     . . .     Faith    .   g - +0 ring mail
rPois    +         Spirit   .   h - +2 helmet
rElec    +         Reflect  .   (no cloak)
rCorr    +         Harm     .   (no gloves)
MR       .....                  (no barding)
Stlth    ..........             (no amulet)
HPRegen  0.17/turn              f - ring of protection from cold
MPRegen  0.11/turn              (no ring)

@: resistant, very quick
A: large, hooves 3, deformed body, speed 2, tough skin 3
a: Depart the Abyss, Bend Space, Banish, Renounce Religion


You were on level 4 of the Dungeon.
You worshipped Lugonu.
Lugonu was most pleased with you.
You were not hungry.

You visited 1 branch of the dungeon, and saw 4 of its levels.
You visited the Abyss 1 time.

You collected 258 gold pieces.

Inventory:

Hand Weapons
 a - a +2 hand axe of freezing (weapon)
Armour
 g - a +0 ring mail (worn)
 h - a +2 helmet (worn)
Jewellery
 f - a ring of protection from cold (left hand)
Scrolls
 b - a scroll of remove curse
 e - 3 scrolls of identify
Potions
 d - a potion of might
Comestibles
 c - 4 rations


   Skills:
 + Level 3.8 Fighting
 + Level 3.9 Axes
 * Level 3.0 Armour
 + Level 1.5 Dodging
 * Level 3.5 Invocations


You had 5 spell levels left.
You didn't know any spells.
Your spell library was empty.

Dungeon Overview and Level Annotations

Branches:
Dungeon (4/15)
 Temple: D:4-7

Altars:
Dithmenos

Portals:
Abyss: D:1***

Annotations:
D:4 Robin


Innate Abilities, Weirdness & Mutations

You have hooves in place of feet.
Armour fits poorly on your strangely shaped body.
You cover ground very quickly.
You have extremely tough skin. (AC +3)


Message History

You hit the orc. You freeze the orc.
You kill the orc!
Lugonu accepts your kill.
Unknown command.
Unknown command.
You closely miss the orc. Your kick misses the orc. You hit the orc.
You freeze the orc. The orc barely misses you.
Robin roars a battlecry!
The orc closely misses you.
Unknown command.
It was a potion of resistance.
You feel protected. The orc barely misses you.
Robin says, "Bow before me, strongest of all the hobgoblins!"
The orc hits you but does no damage. Space bends around you!
You blink. 3 gnolls and a phantom come into view.
The gnoll shouts! x3
The gnoll hits you with a flail!
You die...

.# #.# ########..####
##............... .....
..........#.....# .....
#....Wg....##.# .....#
#......gg.#...
.#....###.....@.....#
...................##
................g.#########
#..............)oo)..g...
#..........$..######### #
###...........# ###.
#..........###
#....##†.........<.#
#..........####..#


You could see a phantom, 4 gnolls and 2 orcs.

Vanquished Creatures
  An ogre (D:3)
  A bullfrog (D:2)
  A hound (D:4)
  An orc priest (D:4)
  A bullfrog skeleton (D:4)
  4 gnolls (D:2)
  2 adders (D:3)
  An ooze (D:3)
  A worm (D:2)
  A dart slug (D:2)
  8 leopard geckos
  8 orcs
  4 bats
  6 giant cockroaches
  7 goblins
  9 hobgoblins
  9 jackals
  2 quokkas (D:3)
  A ball python (D:1)
  5 frilled lizards
  6 kobolds
  4 rats
83 creatures vanquished.

Notes
Turn   | Place    | Note
-------+----------+-------------------------------------------
     0 | Abyss:1  | Gargoyl the Centaur Abyssal Knight began the quest for the
                  | Orb.
     0 | Abyss:1  | Reached XP level 1. HP: 19/19 MP: 2/2
     5 | Abyss:1  | Found a corrupted altar of Lugonu.
    61 | Abyss:1  | Found a corrupted altar of Lugonu.
   237 | Abyss:2  | Noticed a tentacled starspawn
   245 | Abyss:2  | Noticed an orb spider
   246 | D:1      | Escaped the Abyss
   499 | D:1      | Reached XP level 2. HP: 26/26 MP: 3/3
   521 | D:1      | Reached * piety under Lugonu
  1217 | D:2      | Reached XP level 3. HP: 31/31 MP: 4/4
  1325 | D:2      | HP: 1/31 [gnoll/club (6)]
  1940 | D:2      | Reached XP level 4. HP: 34/38 MP: 5/5
  2282 | D:2      | Noticed a bullfrog
  2288 | D:2      | Killed a bullfrog
  2288 | D:2      | Reached skill level 1 in Dodging
  2288 | D:2      | Reached XP level 5. HP: 45/45 MP: 5/7
  2406 | D:2      | Found a shadowy altar of Dithmenos.
  2523 | D:3      | Reached ** piety under Lugonu
  2555 | D:3      | Noticed an ogre
  2572 | D:3      | Killed an ogre
  2889 | D:3      | Reached XP level 6. HP: 43/52 MP: 8/8
  3484 | D:3      | Found a faded altar of an unknown god.
  3640 | D:4      | Reached *** piety under Lugonu
  3771 | D:4      | Noticed Robin
  3776 | D:4      | Mangled by a gnoll

Skill      XL: |  1  2  3  4  5  6 |
---------------+-------------------+-----
Axes           | 2 3 |  3.9
Armour         | 2 3 |  3.0
Dodging        | 1 |  1.5
Invocations    | 3 |  3.5
Fighting       | |  3.8

Action                   |  1- 3 |  4- 6 || total
-------------------------+-------+-------++-------
Melee: Hand axe          |    79 |   138 ||   217
       Kick              |     9 |    17 ||    26
Invok: Depart the Abyss  |     1 |       ||     1
       Bend Space        |       |     1 ||     1
  Use: Scroll            |     5 |     4 ||     9
       Potion            |     1 |     1 ||     2
  Eat: Chunk             |     1 |     6 ||     7
Armor: Leather armour    |    29 |    51 ||    80
       Ring mail         |       |    22 ||    22
Dodge: Dodged            |    48 |    99 ||   147
